 Dungeon Crawl Stone Soup version 0.29.0-4-gdea44cf6ec (webtiles) character file.

Game seed: 9393212724847417090

475 qw the Chopper (level 7, -4/41 HPs)
             Began as a Tengu Warper on Aug 28, 2022.
             Slain by Pikel
             ... wielding a +0 whip of flaming
              (6 damage)
             ... on level 4 of the Dungeon.
             The game lasted 00:00:25 (3845 turns).

qw the Chopper (Tengu Warper)                       Turns: 3845, Time: 00:00:25

Health: -4/41      AC:  6    Str: 13    XL:     7   Next: 10%
Magic:  11/11      EV: 11    Int: 14    God:
Gold:   174        SH:  0    Dex: 13    Spells: 10/10 levels left

rFire   . . .      SeeInvis .   Y - +1 hand axe
rCold   . . .      Faith    .   (no shield)
rNeg    . . .      Spirit   .   b - +0 scale mail
rPois   .          Reflect  .   (helmet restricted)
rElec   .          Harm     .   (no cloak)
rCorr   .          Rampage  .   (no gloves)
Will    .....                   (boots unavailable)
Stlth   ..........              (no amulet)
HPRegen 0.13/turn               (no ring)
MPRegen 0.12/turn               (no ring)

@: flying quickly and evasively, quick
A: beak, talons 3, nimble flight
a: no special abilities


You were on level 4 of the Dungeon.
You visited 1 branch of the dungeon, and saw 4 of its levels.

You collected 174 gold pieces.


Innate Abilities, Weirdness & Mutations

You have a beak for a mouth.
You have claws for feet.
Your magical nature lets you fly swiftly and evasively.


   Skills:
 - Level 3.0 Fighting
 + Level 7.7 Axes
 - Level 1.0 Throwing
 - Level 1.1 Armour
 - Level 2.1 Dodging
 - Level 2.0 Spellcasting
 - Level 2.4 Translocations


You had 10 spell levels left.
You didn't know any spells.
Your spell library contained the following spells:

 Spells                   Type           Power      Damage    Failure   Level
 Blink                    Tloc           16%        N/A       54%         2
 Gell's Gravitas          Tloc           8%         N/A       78%         3
 Lesser Beckoning         Tloc           8%         N/A       78%         3
 Teleport Other           Tloc           8%         N/A       78%         3
 Manifold Assault         Tloc           8%         N/A       100%        5

Inventory:

Hand Weapons
 a - a +0 whip
 Y - a +1 hand axe (weapon)
Armour
 b - a +0 scale mail (worn)
 d - the +3 ring mail "Egre" {Int+4 Slay+3}
   (You found it on level 4 of the Dungeon)

   Int:       It affects your intelligence (+4).
   Slay:      It affects your accuracy & damage with ranged weapons and melee
   (+3).
Scrolls
 k - a scroll of vulnerability {unknown}
Potions
 c - 3 potions of resistance
 f - a potion of haste {unknown}
 g - a potion of mutation {unknown}
 h - a potion of curing {unknown}
 j - a potion of might {unknown}

Dungeon Overview and Level Annotations

Branches:
Dungeon (4/15)             Temple (0/1) D:4

Altars:
Sif Muna
Zin

Annotations:
D:4 Pikel


Message History

The lemure is moderately wounded.
The lemure hits you.
You hit the lemure. Your peck misses the lemure.
The lemure is moderately wounded.
The lemure hits you.
You hit the lemure. You claw the lemure.
The lemure is heavily wounded.
The lemure barely misses you.
You hit the lemure. You peck the lemure, but do no damage.
The lemure is severely wounded.
The lemure closely misses you.
You hit the lemure. You claw the lemure. Your peck misses the lemure.
The lemure is almost dead.
The lemure hits you!
You hit the lemure but do no damage. You claw the lemure.
The lemure is almost dead.
You slash the lemure!
You kill the lemure!
That felt strangely unrewarding.
You start resting.
Pikel is nearby!
3837 ||| Stepping ~*~*~tactically~*~*~ (stealth).
You now have 174 gold pieces (gained 11).
Things that are here:
a +0 club; an orc corpse You start resting.
Pikel is nearby!
You start resting.
Pikel is nearby!
You hit Pikel. You peck Pikel.
Pikel is lightly wounded.
Pikel hits you with a +0 whip of flaming.
Pikel burns you.
You hit Pikel. You claw Pikel, but do no damage.
Pikel is moderately wounded.
Pikel hits you but does no damage.
You slash Pikel! You claw Pikel, but do no damage.
Pikel is heavily wounded.
Pikel hits you with a +0 whip of flaming.
You die...

# ...#.}.#.. #
..#.......#..
#.#...}.>.}...#.
..#.......#!.
...#.}.#... #.......#
#.#.#..#####
.##.###%%.).......
........%#@.......
###K####.K.####### #.
#####
###.##############.#.
K5..................
..........#######.# #
.##......####....#.##.
##5)...##.....?.....
#......#(#...#.....


You could see Pikel.

Vanquished Creatures
  Sigmund (D:3)
  A phantom (D:4)
  3 lemures (D:4)
  An orc priest (D:3)
  Jessica (D:3)
  An orc wizard (D:4)
  3 adders
  3 gnolls (D:2)
  3 dart slugs
  A worm (D:3)
  11 orcs
  7 endoplasms
  6 giant cockroaches
  7 goblins
  6 hobgoblins
  4 jackals (D:4)
  4 quokkas
  11 ball pythons
  6 bats
  2 frilled lizards
  11 kobolds
  2 rats
95 creatures vanquished.

Notes
Turn   | Place    | Note
-------+----------+-------------------------------------------
     0 | D:1      | qw the Tengu Warper began the quest for the Orb.
     0 | D:1      | Reached XP level 1. HP: 12/12 MP: 4/4
     0 | D:1      | 0 ||| qw: Version: 0.1-a-89-g26bdef1
     0 | D:1      | 0 ||| qw: Game counter: 3224
     0 | D:1      | 0 ||| qw: Always use a shield: true
     0 | D:1      | 0 ||| qw: God list: Okawaru
     0 | D:1      | 0 ||| qw: Allow faded altars: false
     0 | D:1      | 0 ||| qw: Do Orc after D:15 true
     0 | D:1      | 0 ||| qw: Do second Lair branch before Depths: true
     0 | D:1      | 0 ||| qw: Lair rune preference: random
     0 | D:1      | 0 ||| qw: Plans: Normal
     0 | D:1      | 0 ||| PLANNING D:1-11
    83 | D:1      | Reached XP level 2. HP: 9/17 MP: 6/6
    84 | D:1      | Reached skill level 3 in Axes
   938 | D:1      | Reached XP level 3. HP: 18/21 MP: 7/7
  1365 | D:1      | 1365 ||| UPGRADING to +0 ring mail.
  1375 | D:1      | 1375 ||| DROPPING +0 leather armour.
  1376 | D:1      | 1376 ||| READING scroll labelled UMOANU NOZAM.
  1377 | D:1      | 1377 ||| READING scroll labelled FAIWEA RYLYCLI.
  1378 | D:1      | 1378 ||| READING scroll labelled UBA EXTAQE.
  1379 | D:1      | 1379 ||| READING scroll labelled SUSUIL ONUZAHO.
  1380 | D:1      | 1380 ||| READING scroll labelled HUACUITIJA.
  1381 | D:1      | 1381 ||| DROPPING scroll of blinking.
  1445 | D:2      | 1445 ||| DROPPING +0 club.
  1515 | D:2      | 1515 ||| Stepping ~*~*~tactically~*~*~ (stealth).
  1518 | D:2      | Reached skill level 4 in Axes
  1518 | D:2      | 1518 ||| Stepping ~*~*~tactically~*~*~ (stealth).
  1519 | D:2      | 1519 ||| Stepping ~*~*~tactically~*~*~ (stealth).
  1522 | D:2      | 1522 ||| Stepping ~*~*~tactically~*~*~ (stealth).
  1528 | D:2      | 1528 ||| Stepping ~*~*~tactically~*~*~ (stealth).
  1529 | D:2      | 1529 ||| Stepping ~*~*~tactically~*~*~ (stealth).
  1531 | D:2      | 1531 ||| Stepping ~*~*~tactically~*~*~ (stealth).
  1535 | D:2      | 1535 ||| Stepping ~*~*~tactically~*~*~ (stealth).
  1715 | D:2      | HP: 4/21 [gnoll/+0 club (4)]
  1717 | D:2      | Reached XP level 4. HP: 5/26 MP: 8/8
  2002 | D:2      | 2002 ||| Stepping ~*~*~tactically~*~*~ (stealth).
  2008 | D:2      | Identified the +3 short sword "Leelergh" {freeze, Will+}
  2013 | D:2      | Found a faded altar of an unknown god.
  2255 | D:2      | 2255 ||| UPGRADING to +0 scale mail.
  2265 | D:2      | 2265 ||| DROPPING +0 ring mail.
  2266 | D:2      | 2266 ||| DROPPING ring of wizardry.
  2267 | D:2      | 2267 ||| READING 2 scrolls labelled ZADONE MOULAFA.
  2270 | D:2      | 2270 ||| READING scroll labelled ZYXAKA ECKERR.
  2292 | D:3      | Noticed Jessica
  2301 | D:3      | Killed Jessica
  2302 | D:3      | Reached skill level 5 in Axes
  2534 | D:3      | 2534 ||| Stepping ~*~*~tactically~*~*~ (stealth).
  2535 | D:3      | 2535 ||| Stepping ~*~*~tactically~*~*~ (stealth).
  2538 | D:3      | 2538 ||| Stepping ~*~*~tactically~*~*~ (stealth).
  2642 | D:3      | Gained mutation: Your magical nature lets you fly swiftly
                  | and evasively. [Tengu growth]
  2642 | D:3      | Reached XP level 5. HP: 29/30 MP: 9/9
  2667 | D:3      | 2667 ||| Stepping ~*~*~tactically~*~*~ (hiding).
  2714 | D:3      | 2714 ||| Stepping ~*~*~tactically~*~*~ (stealth).
  2723 | D:3      | 2723 ||| FLEEEEING.
  2724 | D:3      | 2724 ||| FLEEEEING.
  2725 | D:3      | 2725 ||| FLEEEEING.
  2726 | D:3      | 2726 ||| FLEEEEING.
  2727 | D:3      | 2727 ||| FLEEEEING.
  2796 | D:3      | Reached skill level 6 in Axes
  2907 | D:3      | 2907 ||| Stepping ~*~*~tactically~*~*~ (hiding).
  3028 | D:3      | Noticed Sigmund
  3029 | D:3      | 3029 ||| Stepping ~*~*~tactically~*~*~ (hiding).
  3031 | D:3      | 3031 ||| Stepping ~*~*~tactically~*~*~ (hiding).
  3033 | D:3      | 3033 ||| Stepping ~*~*~tactically~*~*~ (hiding).
  3050 | D:3      | HP: 6/30 [something (3)]
  3055 | D:3      | Killed Sigmund
  3056 | D:3      | Reached skill level 7 in Axes
  3056 | D:3      | Reached XP level 6. HP: 8/35 MP: 10/10
  3308 | D:3      | Found a shimmering blue altar of Sif Muna.
  3312 | D:3      | Found a glowing silver altar of Zin.
  3433 | D:3      | 3433 ||| DRINKING 4 fuming golden potions.
  3434 | D:3      | 3434 ||| DRINKING 2 blue potions.
  3435 | D:3      | 3435 ||| DRINKING 2 bubbling black potions.
  3436 | D:3      | 3436 ||| DROPPING potion of flight.
  3532 | D:4      | Reached skill level 3 in Fighting
  3582 | D:4      | 3582 ||| Stepping ~*~*~tactically~*~*~ (stealth).
  3603 | D:4      | Identified the +3 ring mail "Egre" {Int+4 Slay+3}
  3622 | D:4      | 3622 ||| Stepping ~*~*~tactically~*~*~ (stealth).
  3734 | D:4      | Noticed Pikel
  3735 | D:4      | 3735 ||| Stepping ~*~*~tactically~*~*~ (stealth).
  3736 | D:4      | 3736 ||| Stepping ~*~*~tactically~*~*~ (stealth).
  3755 | D:4      | HP: 7/37 [lemure[Pikel] (8)]
  3756 | D:4      | 3756 ||| READING scroll of teleportation.
  3757 | D:4      | 3757 ||| DRINKING potion of heal wounds.
  3758 | D:4      | Found a staircase to the Ecumenical Temple.
  3759 | D:4      | 3759 ||| PLANNING TEMPLE
  3769 | D:4      | Reached XP level 7. HP: 32/41 MP: 11/11
  3787 | D:4      | 3787 ||| Stepping ~*~*~tactically~*~*~ (stealth).
  3812 | D:4      | HP: 10/41 [lemure[Pikel] (1)]
  3815 | D:4      | HP: 4/41 [lemure[Pikel] (7)]
  3837 | D:4      | 3837 ||| Stepping ~*~*~tactically~*~*~ (stealth).
  3843 | D:4      | HP: 3/41 [Pikel/+0 whip of flaming (4)]
  3845 | D:4      | Slain by Pikel

Levels and vault maps discovered:
D:1:      psy_arrival_statuary, layout_basic
D:2:      layout_rooms, ebering_ecumenical_altar_hall
D:3:      layout_rooms, minitemple, uniq_sigmund, uniq_jessica
D:4:      minmay_angry_zag, layout_rooms, minmay_temple_entry_sparse_star,
          nicolae_shop_i_like_big_books, uniq_pikel, uniq_natasha

Skill      XL: |  1  2  3  4  5  6 |
---------------+-------------------+-----
Axes           | 3 4 5 7 |  7.7
Fighting       | 3 |  3.0
Throwing       | |  1.0
Armour         | |  1.1
Dodging        | |  2.1
Spellcasting   | |  2.0
Translocations | |  2.4

Action                   |  1- 3 |  4- 6 |  7- 9 || total
-------------------------+-------+-------+-------++-------
Melee: Hand axe          |    68 |   157 |    39 ||   264
       Kick              |    14 |    27 |    10 ||    51
       Peck              |    12 |    21 |     7 ||    40
       Punch             |       |     2 |       ||     2
Throw: Boomerang         |     7 |       |       ||     7
  Use: Scroll            |     5 |     3 |       ||     8
       Potion            |       |     4 |       ||     4
Armor: Leather armour    |     4 |       |       ||     4
       Ring mail         |     5 |     5 |       ||    10
       Scale mail        |       |    37 |    16 ||    53
Dodge: Dodged            |    29 |    65 |    19 ||   113

Table legend:
 A = Non-vault XP
 B = Vault XP
 C = Vault XP percentage of total XP
 D = Non-vault monster count
 E = Vault monster count
 F = Vault count percentage of total count
                 A         B        C        D         E       F
            +---------+---------+-------+---------+---------+-------
      Total |     416 |     263 |  38.7 |      90 |       2 |   2.2
            +---------+---------+-------+---------+---------+-------
        D:1 |      36 |       0 |   0.0 |      21 |       0 |   0.0
        D:2 |      72 |       0 |   0.0 |      21 |       0 |   0.0
        D:3 |      91 |     263 |  74.3 |      22 |       2 |   8.3
        D:4 |     217 |       0 |   0.0 |      26 |       0 |   0.0
            +---------+---------+-------+---------+---------+-------
